 Dungeon Crawl Stone Soup version 0.30-a0-457-g4b7bca3bfa (webtiles) character file.

Game seed: 17614221850695912354

107 qeuew the Digger (level 4, -2/24 HPs)
             Began as a Gargoyle Earth Elementalist on Dec 12, 2022.
             Slain by a worm (3 damage)
             ... on level 3 of the Dungeon.
             The game lasted 00:02:54 (2324 turns).

qeuew the Digger (Gargoyle Earth Elementalist)      Turns: 2324, Time: 00:02:54

Health: -2/24      AC:  6    Str: 13    XL:     4   Next: 85%
Magic:  2/7        EV: 12    Int: 16    God:
Gold:   95         SH:  0    Dex: 10    Spells: 3/7 levels left

rFire   . . .      SeeInvis .    g - +0 whip
rCold   . . .      Faith    .    (no shield)
rNeg    + . .      Spirit   .    a - +1 robe
rPois   ∞          Reflect  .    (no helmet)
rElec   +          Harm     .    (no cloak)
rCorr   .          Rampage  .    (no gloves)
Will    .....                    (no boots)
Stlth   ++........               (no amulet)
HPRegen 0.24/turn                (no ring)
MPRegen 0.10/turn                (no ring)

@: mighty
A: sickness immunity, AC +3, negative energy resistance 1, electricity
resistance, torment resistance 1, petrification resistance
a: no special abilities


You were on level 3 of the Dungeon.
You visited 1 branch of the dungeon, and saw 3 of its levels.

You collected 95 gold pieces.

Inventory:

Hand Weapons
 g - a +0 whip (weapon)
Armour
 a - a +1 robe (worn)
Scrolls
 c - a scroll of poison {unknown}
Potions
 b - a potion of magic


   Skills:
 + Level 1.1 Maces & Flails
 + Level 1.6 Armour
 + Level 2.0 Dodging
 - Level 2.1 Stealth
 + Level 2.4 Spellcasting
 + Level 1.1 Conjurations
 + Level 1.5 Transmutations
 + Level 4.2 Earth Magic


You had 3 spell levels left.
You knew the following spells:

 Your Spells              Type           Power      Damage    Failure   Level
a - Sandblast             Erth           30%        2d9       3%          1
b - Stone Arrow           Conj/Erth      20%        3d8       19%         3

Your spell library contained the following spells:

 Spells                   Type           Power      Damage    Failure   Level
 Passwall                 Tmut/Erth      9%         N/A       9%          2
 Shock                    Conj/Air       12%        1d3       16%         1
 Inner Flame              Hex/Fire       1%         N/A       52%         3
 Swiftness                Air            1%         N/A       52%         3
 Petrify                  Tmut/Erth      11%        N/A       52%         4
 Airstrike                Air            0%         2d(1-17)  89%         4
 Cause Fear               Hex            0%         N/A       89%         4
 Discord                  Hex            0%         N/A       100%        8


Dungeon Overview and Level Annotations

Branches:
Dungeon (3/15)

Altars:

Shops:
D:1 *

Annotations:
D:3 Ijyb


Innate Abilities, Weirdness & Mutations

You are immune to sickness and miasma.
Your stone body is resilient. (AC +3)
You are immune to poison.
You resist negative energy. (rN+)
You are resistant to electric shocks. (rElec)
You are resistant to unholy torment.
You are immune to petrification.


Message History

You can't see any susceptible monsters within range! (Use Z to cast anyway.)
A worm comes into view.
The blast of sand hits Ijyb but does no damage.
The blast of sand hits Ijyb but does no damage.
Ijyb zaps a wand.
The puff of flame hits you.
The blast of sand hits Ijyb but does no damage.
Ijyb barely misses you.
The blast of sand misses Ijyb.
The blast of sand hits the worm.
The worm is moderately wounded.
Ijyb hits you but does no damage.
The blast of sand hits Ijyb!
Ijyb is moderately wounded.
Ijyb zaps a wand.
The puff of flame misses you.
Ijyb zaps a wand.
The puff of flame hits you!
You are too injured to fight recklessly!
You are too injured to fight recklessly!
You are too injured to fight recklessly!
You are too injured to fight recklessly!
You are too injured to fight recklessly!
You are too injured to fight recklessly!
Unknown command.
You barely miss Ijyb.
Ijyb is moderately wounded.
Ijyb zaps a wand.
The puff of flame hits you.
You hit Ijyb.
Ijyb is heavily wounded.
Ijyb zaps a wand.
The puff of flame hits you but does no damage.
You closely miss Ijyb.
Ijyb is heavily wounded.
A rat comes into view.
Ijyb zaps a wand.
The puff of flame hits you!
* * * LOW HITPOINT WARNING * * *
You barely miss Ijyb.
Ijyb is heavily wounded.
The worm bites you but does no damage. Ijyb hits you with a +0 dagger.
* * * LOW HITPOINT WARNING * * *
You feel very mighty all of a sudden. Ijyb closely misses you.
The worm bites you.
You die...

#..........# #..........
.#### #.......... .....#
##......###### ......#
##.......#..... .......
#........#....[
.......###........#.....
.......#................
......g@................
..r...w.................
.......##..........####.
....... #...[(.....#
......$ ##.....<..##
....... #.............
....... ......†....##.#
....... ...........#
...........#


You could see Ijyb, a worm and a rat (wandering).

Vanquished Creatures
  3 gnolls (D:2)
  4 adders (D:2)
  A worm (D:3)
  2 ball pythons (D:1)
  2 bats
  3 endoplasms
  A giant cockroach (D:2)
  3 hobgoblins
  3 jackals (D:2)
  6 frilled lizards
  4 goblins
  6 kobolds
  3 rats
41 creatures vanquished.

Notes
Turn   | Place    | Note
-------+----------+-------------------------------------------
     0 | D:1      | qeuew the Gargoyle Earth Elementalist began the quest for
                  | the Orb.
     0 | D:1      | Reached XP level 1. HP: 10/10 MP: 3/3
   370 | D:1      | Reached skill level 1 in Transmutations
   370 | D:1      | Reached XP level 2. HP: 15/15 MP: 3/5
   874 | D:1      | Found Noetiufope's Assorted Antiques.
  1108 | D:2      | Reached skill level 1 in Armour
  1231 | D:2      | Reached XP level 3. HP: 19/19 MP: 3/6
  1235 | D:2      | Learned a level 3 spell: Stone Arrow
  1354 | D:2      | Reached skill level 4 in Earth Magic
  1477 | D:2      | Reached XP level 4. HP: 24/24 MP: 3/7
  1900 | D:2      | Reached skill level 1 in Maces & Flails
  1900 | D:2      | Reached skill level 1 in Conjurations
  2312 | D:3      | Noticed Ijyb
  2323 | D:3      | HP: 1/24 [Ijyb/+0 dagger (3)]
  2324 | D:3      | Slain by a worm

Illustrated notes

Levels and vault maps discovered:
D:1:      dpeg_arrival_renting, layout_loops_corners, serial_shops,
          nicolae_shop_overgrown_old_shop
D:2:      layout_basic, solitary_fountain
D:3:      layout_rooms, dk_noncrumbling_4, hangedman_abyss_or_decor_lesser_grid,
          uniq_ijyb

Skill      XL: |  1  2  3  4 |
---------------+-------------+-----
Transmutations | 1 |  1.5
Armour         | 1 |  1.6
Earth Magic    | 4 |  4.2
Dodging        | 2 |  2.0
Maces & Flails | 1 |  1.1
Conjurations   | 1 |  1.1
Stealth        | |  2.1
Spellcasting   | |  2.4

Action                   |  1- 3 |  4- 6 || total
-------------------------+-------+-------++-------
Melee: Whip              |     2 |     4 ||     6
 Cast: Sandblast         |    43 |    26 ||    69
  Use: Scroll            |     5 |     3 ||     8
       Potion            |       |     3 ||     3
Armor: Robe              |     4 |     6 ||    10
Dodge: Dodged            |     5 |     5 ||    10

Table legend: (Time is in decaauts)
 A = Elapsed time spent in this place.
 B = Non-inter-level travel time spent in this place.
 C = Inter-level travel time spent in this place.
 D = Time resting spent in this place.
 E = Time spent auto-exploring this place.
 F = Levels seen in this place.
 G = Mean time per level.
                   A        B        C        D        E       F      G
               +--------+--------+--------+--------+--------+-----+--------+
         Total |   2357 |   2316 |     41 |     46 |   2022 |   3 |  785.7 |
       Dungeon |   2357 |   2316 |     41 |     46 |   2022 |   3 |  785.7 |
               +--------+--------+--------+--------+--------+-----+--------+

Top non-repeatable levels by time:
     D:2: 1300 daAuts
     D:1: 1004 daAuts
     D:3: 53 daAuts
